 Dungeon Crawl Stone Soup version 0.30.0-5-g1a98f26d00 (webtiles) character file.

Game seed: 6676198465078106670

46 marchhare343 the Sneak (level 3, 0/16 HPs)
             Began as a Spriggan Enchanter on May 11, 2023.
             Killed by nerve-wracking pain
             ... invoked by Jessica
              (10 damage)
             ... on level 2 of the Dungeon.
             The game lasted 00:07:29 (1285 turns).

marchhare343 the Sneak (Spriggan Enchanter)         Turns: 1285, Time: 00:07:31

Health: 0/16       AC:  2    Str:  4    XL:     3   Next: 44%
Magic:  3/8        EV: 17    Int: 18    God:
Gold:   64         SH:  0    Dex: 15    Spells: 0/8 levels left

rFire   . . .        g - +0 dagger (elec)
rCold   . . .        (no shield)
rNeg    . . .        b - +0 robe
rPois   .            (helmet restricted)
rElec   .            (no cloak)
rCorr   .            (gloves unavailable)
SInv    +            (boots unavailable)
Will    .....        (no amulet)
Stlth   +++          (no ring)
HPRegen 0.22/turn    (no ring)
MPRegen 0.11/turn

%: no passive effects
@: very quick
A: very small, no large weapons, unfitting armour, see invisible, speed 3
a: no special abilities


You were on level 2 of the Dungeon.
You visited 1 branch of the dungeon, and saw 2 of its levels.

You collected 64 gold pieces.

Inventory:

Hand Weapons
 a - a +1 dagger
 g - a +0 dagger of electrocution (weapon)
Armour
 b - a +0 robe (worn)
Jewellery
 k - an amulet of guardian spirit
Scrolls
 d - a scroll of blinking
 i - a scroll of identify
Potions
 c - 2 potions of invisibility
 e - a potion of flight
 f - a potion of brilliance {unknown}
 h - a potion of ambrosia {unknown}
 j - a potion of mutation {unknown}


   Skills:
 + Level 1.9 Short Blades
 + Level 3.3 Dodging
 + Level 5.0 Stealth
 + Level 3.2 Spellcasting
 + Level 4.1 Hexes


You couldn't memorise any spells.
You knew the following spells:

 Your Spells              Type           Power      Damage    Failure   Level
a - Ensorcelled Hibernat  Hex/Ice        20%        N/A       11%         2
b - Confusing Touch       Hex            17%        N/A       9%          3
c - Tukima's Dance        Hex            17%        N/A       9%          3

Your spell library contained the following spells:

 Spells                   Type           Power      Damage    Failure   Level
 Dazzling Flash           Conj/Hex       20%        N/A       21%         3


Dungeon Overview and Level Annotations

Branches:
Dungeon (2/15)

Altars:

Shops:
D:1 :

Annotations:
D:2 Jessica


Innate Abilities, Weirdness & Mutations

You are very small and have problems with some larger weapons.
You are too small for most types of armour.
You have supernaturally acute eyesight. (SInv)
You cover ground extremely quickly. (Speed+++)


Message History

Aiming: Tukima's Dance (extremely dangerous; 9% risk of failure)
Press: ? - help, Shift-Dir - straight line, f - Jessica
Aim: Jessica, wielding a +0 dagger and wearing a +1 robe of resistance (fast, chance to affect: 59%) Jessica resists with significant effort.
Jessica gestures at you while chanting. Pain shoots through your body!
Casting: Tukima's Dance (extremely dangerous; 9% risk of failure)
Confirm with . or Enter, or press ? or * to list all spells.
The spell is extremely dangerous to miscast (9% risk of failure)!
Continue anyway?
Aiming: Tukima's Dance (extremely dangerous; 9% risk of failure)
Press: ? - help, Shift-Dir - straight line, f/p - Jessica
Aim: Jessica, wielding a +0 dagger and wearing a +1 robe of resistance (fast, chance to affect: 59%)
The +0 dagger dances into the air!
Jessica very coldly says, "I hate your company."
Jessica mumbles some strange words.
Jessica blinks!
Jessica shouts, "Stop bothering me, or I'll kill you!"
Your +0 dagger hits Jessica but does no damage.
Casting: Tukima's Dance (extremely dangerous; 9% risk of failure)
Confirm with . or Enter, or press ? or * to list all spells.
Aiming: Ensorcelled Hibernation (safe; 11% risk of failure)
Press: ? - help, Shift-Dir - straight line, f - you, p - Jessica
Okay, then.
Your +0 dagger hits Jessica but does no damage.
You barely miss Jessica. Jessica closely misses you.
Jessica completely misses you.
You closely miss Jessica.
Your +0 dagger hits Jessica but does no damage.
Jessica hits you but does no damage.
You hit Jessica.
Jessica is moderately wounded.
Jessica hits you.
Your +0 dagger hits Jessica.
You barely miss Jessica.
Jessica is moderately wounded.
Jessica hits you.
Your +0 dagger hits Jessica but does no damage.
Jessica points at you and mumbles some strange words.
Pain shoots through your body!
Ouch! That really hurt!
You die...

### #######.#
#####.......##
.............#############
..........(.....<....[....
.........@..#.############
.......†.@..#..###########
.......<................#.
............##.....####.#.
.....................##.#.
...........#######...##.#.
...........### ##..##.#.
.#####...(..<# ##.##.#.
###...### #.##.#. #...#
#.##.##


You could see Jessica (fast, ally target) and a friendly +0 dagger.

Vanquished Creatures
  An adder (D:2)
  An orc (D:1)
  2 ball pythons
  3 bats
  An endoplasm (D:2)
  2 giant cockroaches
  A goblin (D:1)
  4 hobgoblins
  3 jackals (D:1)
  4 quokkas
  A frilled lizard (D:1)
  5 kobolds
  3 rats
31 creatures vanquished.

Notes
Turn   | Place    | Note
-------+----------+-------------------------------------------
     0 | D:1      | marchhare343 the Spriggan Enchanter began the quest for the
                  | Orb.
     0 | D:1      | Reached XP level 1. HP: 9/9 MP: 5/5
   130 | D:1      | Reached XP level 2. HP: 13/13 MP: 6/6
   136 | D:1      | Learned a level 2 spell: Ensorcelled Hibernation
   360 | D:1      | Found Cophehairu's Book Shop.
   948 | D:2      | Reached XP level 3. HP: 16/16 MP: 8/8
   952 | D:2      | Learned a level 3 spell: Confusing Touch
   956 | D:2      | Learned a level 3 spell: Tukima's Dance
  1164 | D:2      | Noticed Jessica
  1182 | D:1      | Reached skill level 5 in Stealth
  1285 | D:2      | Killed from afar by Jessica

Illustrated notes

Levels and vault maps discovered:
D:1:      psy_arrival_dodecagon, layout_basic, serial_shops,
          nicolae_shop_getting_attention
D:2:      kennysheep_six_static_rooms, layout_basic, uniq_jessica

Skill      XL: |  1  2  3 |
---------------+----------+-----
Dodging        | 3 |  3.3
Spellcasting   | 3 |  3.2
Hexes          | 4 |  4.1
Stealth        | 5 |  5.0
Short Blades   | |  1.9

Action                     || total
---------------------------++-------
  Melee: Dagger            ||   123
   Cast: Ensorcelled Hiber ||     8
         Tukima's Dance    ||     3
    Use: Scroll            ||     3
   Stab: Sleeping          ||     7
 Armour: Robe              ||     7
  Dodge: Dodged            ||    98
